[Event "ICC tourney 2260 (3 2)"]
[Site "Internet Chess Club"]
[Date "2020.12.31"]
[Round "6"]
[White "JensenUVA"]
[Black "local0928"]
[Result "1/2-1/2"]
[ICCResult "White stalemated"]
[WhiteElo "1516"]
[BlackElo "1785"]
[Opening "Catalan opening"]
[ECO "A63"]
[NIC "CA.01"]
[Time "13:13:16"]
[PlyCount "118"]
[TimeControl "180+2"]

1. d4 Nf6 2. c4 e6 3. g3 c5 4. d5 exd5 5. cxd5 d6 6. Bg2 g6 7. Nc3 Bg7 8.
Nf3 a6 9. a4 O-O 10. O-O Bg4 11. Nd2 Re8 12. Re1 Qc7 13. Nc4 Qe7 14. Bf4
Rd8 15. f3 Bf5 16. e4 Bc8 17. e5 dxe5 18. Nxe5 Qf8 19. Nc4 Be6 20. Bd6 Rxd6
21. Nxd6 Qxd6 22. dxe6 Qe7 23. exf7+ Qxf7 24. Qd8+ Bf8 25. f4 Kg7 26. Nd5
Nxd5 27. Qxd5 Qxd5 28. Bxd5 Nd7 29. Rad1 Nf6 30. Bxb7 Rb8 31. Bxa6 Rxb2 32.
Bb5 c4 33. Kf1 Bc5 34. Re2 Rb4 35. Rc2 Ng4 36. Rxc4 Ne3+ 37. Ke2 Nxc4 38.
Bxc4 Rxc4 39. a5 Ra4 40. Rd5 Rxa5 41. Kd3 Bb6 42. Rd7+ Kh6 43. g4 Ra3+ 44.
Ke4 Re3+ 45. Kd5 Rd3+ 46. Ke6 Rxd7 47. Kxd7 Be3 48. f5 gxf5 49. gxf5 Kg7
50. Ke6 Bf4 51. f6+ Kf8 52. f7 Bxh2 53. Kf5 Kxf7 54. Kg4 Kg6 55. Kh3 Bf4
56. Kg2 Kg5 57. Kh1 Kg4 58. Kg1 Kg3 59. Kh1 Kf2 { White stalemated }
1/2-1/2

[Event "ICC tourney 2260 (3 2)"]
[Site "Internet Chess Club"]
[Date "2020.12.31"]
[Round "6"]
[White "martinjames28"]
[Black "realFreddyWeddy"]
[Result "1-0"]
[ICCResult "Black forfeits on time"]
[WhiteElo "1196"]
[BlackElo "1104"]
[Opening "King's Indian: Sämisch, 5...O-O"]
[ECO "E81"]
[NIC "KI.54"]
[Time "13:13:00"]
[PlyCount "59"]
[TimeControl "180+2"]

1. d4 Nf6 2. c4 g6 3. f3 Bg7 4. e4 d6 5. Nc3 O-O 6. Be3 c5 7. d5 e6 8. Qd2
a6 9. Nge2 Re8 10. h4 exd5 11. Nxd5 h5 12. Bg5 Nbd7 13. O-O-O b5 14. cxb5
axb5 15. Kb1 Qa5 16. Qxa5 Rxa5 17. Nxf6+ Nxf6 18. Bxf6 Bxf6 19. Rxd6 Be6
20. a3 b4 21. axb4 cxb4 22. Nf4 Ba2+ 23. Kc1 Rc8+ 24. Kd1 Be5 25. Rd5 Bxf4
26. Rxa5 Rc1+ 27. Ke2 Bc4+ 28. Kf2 Rc2+ 29. Ke1 Bg3+ 30. Kd1 { Black
forfeits on time } 1-0

[Event "ICC tourney 2260 (3 2)"]
[Site "Internet Chess Club"]
[Date "2020.12.31"]
[Round "6"]
[White "PearsonH"]
[Black "tigerche207"]
[Result "0-1"]
[ICCResult "White resigns"]
[WhiteElo "1756"]
[BlackElo "1934"]
[Opening "Queen's pawn: London system"]
[ECO "A45"]
[NIC "QP.07"]
[Time "13:13:18"]
[PlyCount "122"]
[TimeControl "180+2"]

1. d4 Nf6 2. Bf4 e6 3. e3 b6 4. Nf3 Bb7 5. Nbd2 d5 6. h3 Be7 7. c3 O-O 8.
Bd3 Nbd7 9. O-O c5 10. Ne5 Rc8 11. Qe2 Ne4 12. Nxd7 Qxd7 13. Nxe4 dxe4 14.
Bc2 Rfd8 15. Rad1 Qd5 16. dxc5 Qxc5 17. Rxd8+ Rxd8 18. Rd1 Bd5 19. Bb3 Bxb3
20. axb3 Rxd1+ 21. Qxd1 Qd5 22. Qxd5 exd5 23. Kf1 Kf8 24. Ke2 Ke8 25. c4
dxc4 26. bxc4 Kd7 27. Be5 f6 28. Bd4 Bc5 29. Bxc5 bxc5 30. Kd2 g5 31. Kc3
f5 32. b3 Kd6 33. g3 h6 34. Kd2 Ke5 35. Ke2 f4 36. Kd2 fxg3 37. fxg3 Kd6
38. Kc2 Kc6 39. Kb2 Kb6 40. Ka3 Ka5 41. Ka2 Kb4 42. Kb2 h5 43. Kc2 a5 44.
Kb2 a4 45. bxa4 Kxa4 46. g4 h4 47. Kc3 Ka3 48. Kc2 Kb4 49. Kb2 Kxc4 50. Kc2
Kb4 51. Kb2 c4 52. Kc2 c3 53. Kc1 Kb3 54. Kb1 Kb4 55. Kc2 Kc4 56. Kc1 Kd3
57. Kd1 Kxe3 58. Kc2 Kf3 59. Kxc3 e3 60. Kc2 e2 61. Kd2 Kf2 { White resigns
} 0-1

[Event "ICC tourney 2260 (3 2)"]
[Site "Internet Chess Club"]
[Date "2020.12.31"]
[Round "6"]
[White "miyzhang"]
[Black "StevChess01"]
[Result "0-1"]
[ICCResult "White forfeits on time"]
[WhiteElo "1227"]
[BlackElo "1684"]
[Opening "Sicilian: O'Kelly variation"]
[ECO "B28"]
[NIC "SI.43"]
[Time "13:13:07"]
[PlyCount "74"]
[TimeControl "180+2"]

1. e4 c5 2. Nf3 a6 3. d4 cxd4 4. Nxd4 Nf6 5. Nc3 e5 6. Nb3 Bb4 7. Bd3 d6 8.
a3 Bxc3+ 9. bxc3 Be6 10. Bg5 Nbd7 11. Na5 Qxa5 12. Qd2 Rc8 13. Bxf6 Nxf6
14. O-O Qxc3 15. Qg5 Rg8 16. Rab1 b5 17. a4 Bc4 18. axb5 Bxb5 19. Bxb5+
axb5 20. Rxb5 Kd7 21. Rb7+ Rc7 22. Qf5+ Kc6 23. Rxc7+ Kxc7 24. Qg5 Rc8 25.
Qxg7 Nxe4 26. Qxf7+ Kc6 27. Qxh7 Qc4 28. Re1 d5 29. Qg6+ Kc5 30. Qf5 Re8
31. Qd7 Nd6 32. Qc7+ Kd4 33. Qxd6 e4 34. Qf6+ Kc5 35. Qf7 Rc8 36. Qe7+ Kb6
37. Qd6+ Qc6 { White forfeits on time } 0-1

[Event "ICC tourney 2260 (3 2)"]
[Site "Internet Chess Club"]
[Date "2020.12.31"]
[Round "6"]
[White "MIEMBR"]
[Black "VincentT2008"]
[Result "0-1"]
[ICCResult "White forfeits on time"]
[WhiteElo "1842"]
[BlackElo "1743"]
[Opening "King's Indian: fianchetto without c4"]
[ECO "A49"]
[NIC "QP.06"]
[Time "13:13:34"]
[PlyCount "94"]
[TimeControl "180+2"]

1. d4 Nf6 2. Nf3 g6 3. g3 Bg7 4. Bg2 d6 5. O-O O-O 6. b3 Nc6 7. Bb2 e6 8.
c4 Rb8 9. Nc3 a6 10. a4 Bd7 11. Qc2 Nb4 12. Qd1 a5 13. e4 Re8 14. e5 dxe5
15. Nxe5 Bc6 16. Nxc6 bxc6 17. Ba3 Qd7 18. Rc1 Red8 19. Ne2 Ne8 20. Bb2 c5
21. Qd2 cxd4 22. c5 c6 23. Rc4 e5 24. f4 f6 25. Ba3 Nd5 26. Qxa5 Ne3 27.
Rfc1 Nxc4 28. bxc4 Nc7 29. Qd2 Rb3 30. Bb2 Rdb8 31. Ba1 Ne6 32. f5 Nxc5 33.
fxg6 hxg6 34. Rf1 Nxa4 35. Nc1 Rb1 36. Nd3 Rxf1+ 37. Bxf1 Nb6 38. Qc2 Qf5
39. Be2 Nd7 40. g4 Qe6 41. Bb2 c5 42. Qa4 e4 43. Nf4 Qd6 44. Nxg6 d3 45.
Bd1 Rxb2 46. Qa8+ Kh7 47. Qxe4 Qxh2+ { White forfeits on time } 0-1

[Event "ICC tourney 2260 (3 2)"]
[Site "Internet Chess Club"]
[Date "2020.12.31"]
[Round "6"]
[White "dashrndrx1"]
[Black "Purushottam123"]
[Result "1-0"]
[ICCResult "Black checkmated"]
[WhiteElo "1803"]
[BlackElo "1663"]
[Opening "English opening"]
[ECO "D13"]
[NIC "EO.64"]
[Time "13:13:18"]
[PlyCount "93"]
[TimeControl "180+2"]

1. c4 Nf6 2. Nc3 c6 3. Nf3 d5 4. cxd5 cxd5 5. d4 Nc6 6. Bf4 a6 7. e3 Bf5 8.
Ne5 Nb4 9. Qa4+ Nc6 10. Nxc6 bxc6 11. Qxc6+ Bd7 12. Qb7 e6 13. Bxa6 Be7 14.
O-O O-O 15. Bb5 Bxb5 16. Nxb5 Nh5 17. Bc7 Qd7 18. a4 Rfb8 19. Qxb8+ Rxb8
20. Bxb8 Qb7 21. Bc7 Nf6 22. Rfc1 Ne4 23. f3 Nd2 24. Bd6 Bd8 25. Ra3 Nc4
26. Rac3 Ba5 27. R3c2 Bd2 28. Rxd2 Nxd2 29. Rc7 Qa8 30. Na7 Nc4 31. Rc8+
Qxc8 32. Nxc8 Nxb2 33. a5 Nc4 34. Bc7 Nxe3 35. a6 Nc4 36. a7 h5 37. a8=Q g6
38. Nd6+ Kg7 39. Qe8 f6 40. Qf7+ Kh6 41. Qxf6 Ne5 42. Nf7+ Nxf7 43. Qxf7 h4
44. Bf4+ g5 45. Qf6+ Kh7 46. Be5 Kg8 47. Qg7# { Black checkmated } 1-0

[Event "ICC tourney 2260 (3 2)"]
[Site "Internet Chess Club"]
[Date "2020.12.31"]
[Round "6"]
[White "alexsaidfeghhi"]
[Black "DualMoneytime"]
[Result "0-1"]
[ICCResult "White forfeits on time"]
[WhiteElo "1902"]
[BlackElo "1960"]
[Opening "French: Burn variation"]
[ECO "C11"]
[NIC "FR.05"]
[Time "13:13:13"]
[PlyCount "86"]
[TimeControl "180+2"]

1. e4 e6 2. d4 d5 3. Nc3 Nf6 4. Bg5 dxe4 5. Nxe4 Be7 6. Bxf6 gxf6 7. Nf3 f5
8. Ned2 c5 9. c3 Nc6 10. Bb5 Bd7 11. Qe2 cxd4 12. cxd4 Bf6 13. O-O Nxd4 14.
Nxd4 Bxd4 15. Nb3 Bf6 16. Rad1 Qb6 17. Bxd7+ Kf8 18. Qd2 Kg7 19. Qe3 Qxe3
20. fxe3 Bxb2 21. Rb1 Bf6 22. Nd4 b6 23. Rfc1 Rhd8 24. Rc7 Be5 25. Rb7 Rdb8
26. Rxb8 Rxb8 27. Nc6 Rb7 28. Nxe5 Kf6 29. Bc6 Rc7 30. Nd7+ Ke7 31. Nxb6
Rxc6 32. Na4 Ra6 33. Rb7+ Kf6 34. Nc3 Ra3 35. Rb3 Ra6 36. Kf2 Ke5 37. Kf3
h5 38. Kg3 Kf6 39. Kh4 Kg6 40. Ne2 Rxa2 41. Nf4+ Kh6 42. Rb7 e5 43. Nxh5
Rxg2 { White forfeits on time } 0-1

[Event "ICC tourney 2260 (3 2)"]
[Site "Internet Chess Club"]
[Date "2020.12.31"]
[Round "6"]
[White "stephenwilly"]
[Black "garfield92037"]
[Result "1-0"]
[ICCResult "Black forfeits on time"]
[WhiteElo "1496"]
[BlackElo "1843"]
[Opening "Sicilian: accelerated fianchetto, Maróczy bind, 6.Be3"]
[ECO "B38"]
[NIC "SI.31"]
[Time "13:13:11"]
[PlyCount "103"]
[TimeControl "180+2"]

1. e4 c5 2. Nf3 Nc6 3. c4 g6 4. d4 cxd4 5. Nxd4 Bg7 6. Be3 d6 7. Nc3 Bd7 8.
Be2 Nf6 9. O-O O-O 10. Nf3 Rc8 11. Rc1 Qc7 12. Nd5 Qd8 13. Bd3 Nxd5 14.
cxd5 Ne5 15. Nxe5 Bxe5 16. Qb3 b6 17. f4 Bg7 18. Bd2 e6 19. Bc3 Qe7 20.
Bxg7 Kxg7 21. f5 exf5 22. exf5 Kg8 23. Rce1 Qh4 24. Re4 Qh6 25. fxg6 hxg6
26. Rc4 Rxc4 27. Qxc4 Kg7 28. Qd4+ f6 29. Qe4 Re8 30. Qd4 Rf8 31. Re1 Kf7
32. Qb4 Rh8 33. h3 Qh4 34. Re4 Qg3 35. Bf1 Rxh3 36. Qc4 Rh5 37. Qc7 Qh2+
38. Kf2 Rf5+ 39. Ke2 Qh5+ 40. Kd2 Rf2+ 41. Be2 Qf5 42. Re3 Qxd5+ 43. Rd3
Qf5 44. Rxd6 Qf4+ 45. Ke1 Kg7 46. Rxd7+ Kh6 47. Rh7+ Kg5 48. Qxf4+ Rxf4 49.
Bf3 Ra4 50. a3 a6 51. Rb7 b5 52. Rb6 { Black forfeits on time } 1-0

[Event "ICC tourney 2260 (3 2)"]
[Site "Internet Chess Club"]
[Date "2020.12.31"]
[Round "6"]
[White "NL008"]
[Black "ChiefDas"]
[Result "0-1"]
[ICCResult "White resigns"]
[WhiteElo "1534"]
[BlackElo "1857"]
[Opening "Sicilian: Canal-Sokolsky attack, Sokolsky variation"]
[ECO "B52"]
[NIC "SI.01"]
[Time "13:13:09"]
[PlyCount "110"]
[TimeControl "180+2"]

1. e4 c5 2. Nf3 d6 3. Bb5+ Bd7 4. Bxd7+ Qxd7 5. c4 Nc6 6. Nc3 e6 7. O-O Nf6
8. d4 cxd4 9. Nxd4 a6 10. Nxc6 bxc6 11. c5 dxc5 12. e5 Qxd1 13. Rxd1 Nd5
14. Ne4 Be7 15. b3 O-O 16. Ba3 Nb4 17. Rd7 Rfe8 18. Rc1 Rad8 19. Rxd8 Rxd8
20. h3 Nxa2 21. Rc2 Nb4 22. Rc4 a5 23. Nxc5 Rd1+ 24. Kh2 Ra1 25. Bxb4 axb4
26. Nd3 h6 27. Nxb4 c5 28. Nd3 Rb1 29. Nxc5 Bxc5 30. Rxc5 Rxb3 31. Rc8+ Kh7
32. Rc7 Kg6 33. f3 Re3 34. Rc5 Kf5 35. Kg1 Rxe5 36. Rc7 Kg6 37. Kf2 Ra5 38.
f4 Ra3 39. Rb7 f6 40. g3 h5 41. Rb6 Kf7 42. Rb7+ Kg6 43. Rb6 Kf5 44. Rb7 g5
45. Rb5+ e5 46. fxe5 fxe5 47. g4+ hxg4 48. hxg4+ Kf4 49. Rb4+ e4 50. Rb5
Ra2+ 51. Ke1 Kxg4 52. Rb4 Kf3 53. Rb3+ e3 54. Rb1 Rh2 55. Kd1 Rh1+ { White
resigns } 0-1

[Event "ICC tourney 2260 (3 2)"]
[Site "Internet Chess Club"]
[Date "2020.12.31"]
[Round "6"]
[White "ekanshmehrotra"]
[Black "hartej"]
[Result "1-0"]
[ICCResult "Black forfeits on time"]
[WhiteElo "1843"]
[BlackElo "1516"]
[Opening "Sicilian defense"]
[ECO "B40"]
[NIC "SI.43"]
[Time "13:13:56"]
[PlyCount "73"]
[TimeControl "180+2"]

1. e4 c5 2. Nf3 e6 3. c3 d5 4. exd5 exd5 5. d4 cxd4 6. Nxd4 a6 7. Bd3 Nf6
8. O-O Be7 9. Nd2 O-O 10. N2f3 Bg4 11. Be3 Nbd7 12. Qd2 Rc8 13. h3 Bh5 14.
Rfe1 Nc5 15. Bg5 Nxd3 16. Qxd3 Bg6 17. Qe3 Re8 18. Ne5 Bd6 19. Ndf3 h6 20.
Bh4 Qc7 21. Qd4 Bc5 22. Qd2 Be7 23. Nxg6 fxg6 24. Bxf6 Bxf6 25. Qxd5+ Qf7
26. Qd3 Red8 27. Qc2 Re8 28. Re2 Rxe2 29. Qxe2 Re8 30. Qd3 g5 31. a3 Qc7
32. Rd1 Rd8 33. Qe2 Rc8 34. Qe6+ Kh8 35. Rd7 Qb8 36. Nd4 Re8 37. Rxb7 {
Black forfeits on time } 1-0

[Event "ICC tourney 2260 (3 2)"]
[Site "Internet Chess Club"]
[Date "2020.12.31"]
[Round "6"]
[White "ThirstyMonster"]
[Black "DFKnights"]
[Result "1-0"]
[ICCResult "Black resigns"]
[WhiteElo "1283"]
[BlackElo "1802"]
[Opening "King's Indian: fianchetto, Simagin variation"]
[ECO "E62"]
[NIC "KI.72"]
[Time "13:13:31"]
[PlyCount "125"]
[TimeControl "180+2"]

1. d4 Nf6 2. Nf3 g6 3. c4 Bg7 4. Nc3 O-O 5. g3 d6 6. Bg2 Nc6 7. O-O Bg4 8.
h3 Bxf3 9. Bxf3 e5 10. d5 Nd4 11. Bg2 Nd7 12. g4 f5 13. e3 fxg4 14. exd4
exd4 15. Ne2 gxh3 16. Bxh3 Ne5 17. Nxd4 Qh4 18. Kg2 Kh8 19. Be3 Nxc4 20.
Ne6 Nxe3+ 21. fxe3 Rf6 22. Nxg7 Kxg7 23. Rxf6 Qxf6 24. Qd4 Qxd4 25. exd4
Re8 26. Kf2 Re4 27. Re1 Rxd4 28. Bg2 h5 29. Re7+ Kh6 30. Ke3 Rc4 31. Kd3
Rc1 32. a3 b5 33. Be4 h4 34. Re6 Rg1 35. Re7 Rc1 36. Re6 Rg1 37. Re7 h3 38.
Rxc7 h2 39. Rxa7 h1=Q 40. Bxh1 Rxh1 41. Rd7 Rh2 42. Kc3 Rh3+ 43. Kb4 Rh2
44. Kxb5 Rxb2+ 45. Kc4 Rb6 46. a4 Ra6 47. Kb5 Ra8 48. Rxd6 Kg5 49. a5 Kf5
50. a6 g5 51. Kb6 g4 52. Rd7 Rg8 53. Rc7 g3 54. Rc1 g2 55. Rg1 Ke5 56. Kb7
Kxd5 57. a7 Rg7+ 58. Kb6 Rg8 59. Kb7 Rg7+ 60. Kb6 Rg8 61. Rxg2 Rxg2 62.
a8=Q+ Kd4 63. Qxg2 { Black resigns } 1-0

[Event "ICC tourney 2260 (3 2)"]
[Site "Internet Chess Club"]
[Date "2020.12.31"]
[Round "6"]
[White "Feugon"]
[Black "Mozart1"]
[Result "1-0"]
[ICCResult "Black checkmated"]
[WhiteElo "1982"]
[BlackElo "1836"]
[Opening "Nimzovich-Larsen attack: classical variation"]
[ECO "A01"]
[NIC "VO.08"]
[Time "13:13:17"]
[PlyCount "147"]
[TimeControl "180+2"]

1. b3 d5 2. Bb2 c5 3. e3 Nf6 4. f4 g6 5. Nf3 Bg7 6. Bb5+ Nc6 7. O-O O-O 8.
Bxc6 bxc6 9. Ne5 Qc7 10. Nc3 Nd7 11. Nxd7 Bxd7 12. Na4 Qa5 13. Bxg7 Kxg7
14. Qe2 c4 15. Nc3 cxb3 16. axb3 Qc7 17. Ra3 Rfe8 18. Rfa1 e5 19. fxe5 Rxe5
20. Qd3 Rh5 21. Qd4+ Kg8 22. g3 c5 23. Nxd5 cxd4 24. Nxc7 Rc8 25. Rxa7 dxe3
26. dxe3 Rc5 27. Na6 Rd5 28. c4 Rd2 29. Nc7 Re8 30. Nd5 Rd8 31. Nf6+ Kg7
32. Nxd7 R8xd7 33. Rxd7 Rxd7 34. Rb1 Kf6 35. Kf2 Rd2+ 36. Kf3 Rxh2 37. b4
Ra2 38. c5 Ke6 39. g4 Kd5 40. Rh1 Rb2 41. Rxh7 Rxb4 42. Rxf7 Kxc5 43. Rf6
g5 44. Rf5+ Kd6 45. Rxg5 Ke6 46. Rf5 Rb1 47. Rf4 Rf1+ 48. Kg2 Re1 49. Kf2
Rh1 50. g5 Rh2+ 51. Kg3 Re2 52. e4 Ke5 53. g6 Re3+ 54. Kg4 Re1 55. Kg5 Rg1+
56. Rg4 Ra1 57. g7 Ra8 58. Kg6 Ke6 59. Kh7 Kf7 60. g8=Q+ Rxg8 61. Rxg8 Ke6
62. Rg5 Kf6 63. Ra5 Ke6 64. Kg6 Kd6 65. Kf7 Kc6 66. e5 Kd7 67. e6+ Kd6 68.
e7 Kc7 69. Ra6 Kd7 70. e8=Q+ Kc7 71. Qe7+ Kb8 72. Rb6+ Kc8 73. Qb7+ Kd8 74.
Rd6# { Black checkmated } 1-0

[Event "ICC tourney 2260 (3 2)"]
[Site "Internet Chess Club"]
[Date "2020.12.31"]
[Round "6"]
[White "chessrex"]
[Black "Heliosis"]
[Result "1-0"]
[ICCResult "Black forfeits on time"]
[WhiteElo "1958"]
[BlackElo "1880"]
[Opening "Blackmar-Diemer gambit"]
[ECO "A45"]
[NIC "QP.07"]
[Time "13:13:16"]
[PlyCount "123"]
[TimeControl "180+2"]

1. d4 Nf6 2. f3 d5 3. e4 dxe4 4. Nc3 exf3 5. Nxf3 Bg4 6. h3 Bxf3 7. Qxf3 c6
8. g4 e6 9. g5 Nd5 10. Bd3 Bd6 11. O-O Qe7 12. Ne4 Bc7 13. a3 Nd7 14. Bd2
O-O 15. c4 N5b6 16. Qh5 g6 17. Qh6 f5 18. gxf6 Nxf6 19. Bg5 Ng4 20. Bxe7
Rxf1+ 21. Rxf1 Nxh6 22. Bg5 Nf5 23. Bf6 Rf8 24. b3 Nd7 25. Bg5 Ng3 26.
Rxf8+ Kxf8 27. Nxg3 Bxg3 28. Kg2 Bd6 29. b4 Be7 30. Bf4 a5 31. bxa5 Bxa3
32. Kf3 Kf7 33. h4 Bb4 34. Bc7 Bc3 35. Ke3 h6 36. Be4 g5 37. hxg5 hxg5 38.
Kd3 Be1 39. Ke2 Bb4 40. Kd3 g4 41. Ke2 Nf6 42. Bg2 Bc3 43. Kd3 Be1 44. a6
bxa6 45. Bxc6 g3 46. Ke2 Bf2 47. Kf3 Bxd4 48. Kxg3 Bc5 49. Kf4 Bb4 50. Ke5
a5 51. Bd8 Ne8 52. Ba4 Bd6+ 53. Ke4 Be7 54. Bxa5 Nd6+ 55. Kd3 e5 56. c5 Nf5
57. Kc4 Ke6 58. Bb3 Kf6 59. Bc3 Ng7 60. Kd5 Ne6 61. Bxe5+ Kf5 62. Bc2+ {
Black forfeits on time } 1-0

[Event "ICC tourney 2260 (3 2)"]
[Site "Internet Chess Club"]
[Date "2020.12.31"]
[Round "6"]
[White "xyzchessdude"]
[Black "Viking21"]
[Result "0-1"]
[ICCResult "White resigns"]
[WhiteElo "1992"]
[BlackElo "1905"]
[Opening "Queen's pawn, Mason variation"]
[ECO "D00"]
[NIC "QP.08"]
[Time "13:13:06"]
[PlyCount "130"]
[TimeControl "180+2"]

1. d4 d5 2. Bf4 Nf6 3. e3 e6 4. Nf3 c5 5. c3 Bd6 6. Bg3 b6 7. Nbd2 O-O 8.
Bd3 Bb7 9. Ne5 Nc6 10. Ndf3 Ne4 11. Qc2 Ne7 12. Rd1 f6 13. Nc4 Bxg3 14.
hxg3 f5 15. Nce5 cxd4 16. exd4 Nc6 17. Nxc6 Bxc6 18. Ne5 Bb7 19. Qe2 Qg5
20. Rh5 Qf6 21. Nd7 Qg6 22. Nxf8 Rxf8 23. Bxe4 dxe4 24. Rh4 f4 25. Qg4 Qe8
26. gxf4 Rf6 27. Qh5 Qxh5 28. Rxh5 Rxf4 29. g3 Rf3 30. Re5 Kf7 31. Ke2 Kf6
32. Rh1 h6 33. Rh4 Ba6+ 34. Ke1 Ke7 35. Rf4 Rd3 36. Rfxe4 Bc4 37. Re3 Rxe3+
38. Rxe3 Bxa2 39. Kd2 Kd6 40. f4 Bd5 41. Re5 a5 42. Ke3 b5 43. Kd3 a4 44.
Kd2 Ke7 45. Kc2 Kf6 46. Kd2 g6 47. Re1 Kf5 48. Rh1 h5 49. Rh2 Kg4 50. Ke3
Kxg3 51. Rf2 h4 52. Rd2 h3 53. f5 gxf5 54. Rd1 h2 55. Re1 h1=Q 56. Rxh1
Bxh1 57. Kd3 Bd5 58. Ke3 f4+ 59. Ke2 f3+ 60. Kf1 Kf4 61. Kf2 Be4 62. Kf1
Ke3 63. Ke1 Kd3 64. Kf2 Kc2 65. Ke3 Bd5 { White resigns } 0-1

[Event "ICC tourney 2260 (3 2)"]
[Site "Internet Chess Club"]
[Date "2020.12.31"]
[Round "6"]
[White "yogokings12"]
[Black "hackerguru"]
[Result "1/2-1/2"]
[ICCResult "Game drawn by mutual agreement"]
[WhiteElo "1575"]
[BlackElo "1756"]
[Opening "Sicilian: Nimzovich-Rossolimo attack (with ...g6, without ...d6)"]
[ECO "B31"]
[NIC "SI.31"]
[Time "13:13:18"]
[PlyCount "178"]
[TimeControl "180+2"]

1. e4 c5 2. Nf3 Nc6 3. Bb5 g6 4. Bxc6 dxc6 5. d3 Bg7 6. h3 Nf6 7. Nc3 Nd7
8. Be3 e5 9. Qd2 h5 10. O-O b6 11. Nh2 O-O 12. Bh6 Ba6 13. Bxg7 Kxg7 14. f4
exf4 15. Qxf4 Qe7 16. Nf3 f6 17. Rae1 Ne5 18. Nxe5 fxe5 19. Qg3 c4 20. dxc4
Bxc4 21. Rxf8 Rxf8 22. Rd1 Ba6 23. a3 b5 24. Qd3 Rf7 25. Qd6 Qe8 26. b4 Bb7
27. Qc5 Qe6 28. Rd6 Qe7 29. Nb1 Rf6 30. Rxf6 Qxc5+ 31. bxc5 Kxf6 32. Kf2 a5
33. Nd2 a4 34. Ke3 g5 35. c4 Ba6 36. cxb5 Bxb5 37. Nf3 g4 38. hxg4 hxg4 39.
Nh4 Kg5 40. Nf5 Bf1 41. g3 Bc4 42. Ne7 Bb5 43. Nf5 Kf6 44. Nd6 Ba6 45. Nf5
Bc8 46. Nd6 Be6 47. Kd3 Ke7 48. Kc3 Kd7 49. Kb4 Bb3 50. Nc4 Ke6 51. Nb6 Bc2
52. Nxa4 Bxe4 53. Nc3 Bc2 54. a4 Bd3 55. a5 Ba6 56. Kb3 Kf5 57. Kc2 Ke6 58.
Kd2 Bc4 59. Ke3 Kf5 60. Ne4 Ba6 61. Nd6+ Ke6 62. Ke4 Bf1 63. Nc8 Bg2+ 64.
Ke3 Bf1 65. Nb6 Kf5 66. Na8 Ke6 67. Nb6 Bb5 68. Ke4 Ba6 69. Na4 Bb5 70. Nc3
Bc4 71. Nd1 Bd5+ 72. Ke3 Kd7 73. Nc3 Bf3 74. Na2 Kc7 75. Nb4 Kb7 76. Nd3
Ka6 77. Nxe5 Bd5 78. Nxg4 Kxa5 79. Ne5 Kb4 80. Nd3+ Kc3 81. g4 Bc4 82. Ne5
Bd5 83. g5 Kb4 84. Nd3+ Kc4 85. g6 Bg8 86. g7 Kd5 87. Kf4 Kd4 88. Ne5 Kxc5
89. Nxc6 Kxc6 { Game drawn by mutual agreement } 1/2-1/2

[Event "ICC tourney 2260 (3 2)"]
[Site "Internet Chess Club"]
[Date "2020.12.31"]
[Round "7"]
[White "realFreddyWeddy"]
[Black "Kokosnuss1000"]
[Result "1-0"]
[ICCResult "Black checkmated"]
[WhiteElo "1104"]
[BlackElo "1600"]
[Opening "Four knights: Scotch variation"]
[ECO "C44"]
[NIC "KP.10"]
[Time "13:53:07"]
[PlyCount "25"]
[TimeControl "180+2"]

1. e4 e5 2. Nf3 Nc6 3. d4 Nf6 4. Nc3 d6 5. dxe5 dxe5 6. Qxd8+ Kxd8 7. Bg5
Bb4 8. O-O-O+ Ke7 9. Nd5+ Kf8 10. Nxf6 gxf6 11. Bxf6 Rg8 12. Nxe5 Nxe5 13.
Rd8# { Black checkmated } 1-0

[Event "ICC tourney 2260 (3 2)"]
[Site "Internet Chess Club"]
[Date "2020.12.31"]
[Round "7"]
[White "andrewj508"]
[Black "yogokings12"]
[Result "1-0"]
[ICCResult "Black resigns"]
[WhiteElo "1270"]
[BlackElo "1575"]
[Opening "Queen's pawn: London system"]
[ECO "A45"]
[NIC "QP.07"]
[Time "13:53:22"]
[PlyCount "49"]
[TimeControl "180+2"]

1. d4 Nf6 2. Bf4 g6 3. e3 Bg7 4. Nf3 O-O 5. c3 c5 6. Nbd2 cxd4 7. exd4 Nc6
8. Bd3 d5 9. O-O Nd7 10. Bg3 e5 11. dxe5 Ndxe5 12. Bc2 Bg4 13. h3 Nxf3+ 14.
Nxf3 Be6 15. Re1 d4 16. cxd4 Nxd4 17. Nxd4 Qxd4 18. Qxd4 Bxd4 19. Rab1 Rac8
20. Bb3 Bf5 21. Rbc1 Bxb2 22. Rxc8 Rxc8 23. Re7 Bf6 24. Rxf7 Rc1+ 25. Kh2 {
Black resigns } 1-0

[Event "ICC tourney 2260 (3 2)"]
[Site "Internet Chess Club"]
[Date "2020.12.31"]
[Round "7"]
[White "DFKnights"]
[Black "NL008"]
[Result "1-0"]
[ICCResult "Black checkmated"]
[WhiteElo "1802"]
[BlackElo "1534"]
[Opening "Giuoco Piano"]
[ECO "C50"]
[NIC "IG.02"]
[Time "13:53:29"]
[PlyCount "41"]
[TimeControl "180+2"]

1. e4 e5 2. Nf3 Nc6 3. Bc4 Bc5 4. O-O Nf6 5. d4 Nxd4 6. Nxe5 O-O 7. Be3 Ne6
8. Bxe6 Bxe3 9. Bxf7+ Rxf7 10. Nxf7 Bxf2+ 11. Rxf2 Kxf7 12. e5 c6 13. exf6
gxf6 14. Qh5+ Kg7 15. Rf3 Qb6+ 16. Kf1 Qa6+ 17. Rd3 d5 18. Nd2 Bd7 19. c4
dxc4 20. Rxd7+ Kf8 21. Qf7# { Black checkmated } 1-0

[Event "ICC tourney 2260 (3 2)"]
[Site "Internet Chess Club"]
[Date "2020.12.31"]
[Round "7"]
[White "shrey16ultimate"]
[Black "hi321"]
[Result "0-1"]
[ICCResult "White resigns"]
[WhiteElo "1601"]
[BlackElo "1433"]
[Opening "Queen's pawn, Mason variation"]
[ECO "D00"]
[NIC "QP.08"]
[Time "13:53:10"]
[PlyCount "62"]
[TimeControl "180+2"]

1. d4 d5 2. Bf4 Nc6 3. e3 a6 4. c4 e6 5. Nc3 Nf6 6. Nf3 Bb4 7. a3 Bxc3+ 8.
bxc3 Ne4 9. Qc2 f5 10. cxd5 exd5 11. Bd3 O-O 12. c4 Kh8 13. Nd2 Nxd2 14.
Qxd2 Be6 15. O-O dxc4 16. Bc2 Bd5 17. f3 Ne7 18. e4 Bc6 19. d5 Bb5 20. a4
c3 21. Qxc3 Bxf1 22. Rxf1 fxe4 23. Bxe4 Nxd5 24. Bxd5 Qxd5 25. Qxc7 Qd4+
26. Kh1 Qxf4 27. Qxb7 Qxa4 28. Re1 Qf4 29. Rb1 a5 30. Qd7 a4 31. Rb7 Qc1+ {
White resigns } 0-1

[Event "ICC tourney 2260 (3 2)"]
[Site "Internet Chess Club"]
[Date "2020.12.31"]
[Round "7"]
[White "garfield92037"]
[Black "marinaxiao"]
[Result "1-0"]
[ICCResult "Black resigns"]
[WhiteElo "1843"]
[BlackElo "1556"]
[Opening "Sicilian: Nimzovich-Rossolimo attack (without ...d6)"]
[ECO "B30"]
[NIC "SI.31"]
[Time "13:53:27"]
[PlyCount "45"]
[TimeControl "180+2"]

1. e4 c5 2. Nf3 Nc6 3. Bb5 e6 4. c3 Nf6 5. e5 Nd5 6. O-O Be7 7. d4 cxd4 8.
cxd4 O-O 9. a3 d6 10. Bd3 dxe5 11. Nxe5 Nxe5 12. dxe5 h6 13. Nc3 Nxc3 14.
bxc3 Bc5 15. Re1 Bd7 16. Qg4 Kh8 17. Qe4 g6 18. Bxh6 Bc6 19. Qf4 Re8 20.
Rad1 Qe7 21. Bg5 Qf8 22. Qh4+ Kg8 23. Bf6 { Black resigns } 1-0

[Event "ICC tourney 2260 (3 2)"]
[Site "Internet Chess Club"]
[Date "2020.12.31"]
[Round "7"]
[White "VincentT2008"]
[Black "ritterfork"]
[Result "1-0"]
[ICCResult "Black resigns"]
[WhiteElo "1743"]
[BlackElo "1846"]
[Opening "King's Indian: Sämisch, 5...O-O"]
[ECO "E81"]
[NIC "KI.54"]
[Time "13:53:17"]
[PlyCount "47"]
[TimeControl "180+2"]

1. d4 Nf6 2. c4 g6 3. Nc3 Bg7 4. e4 d6 5. f3 O-O 6. Be3 c5 7. Nge2 Nc6 8.
Qd2 a6 9. h3 b5 10. cxb5 axb5 11. Nxb5 Rb8 12. Nbc3 cxd4 13. Nxd4 Ne5 14.
Be2 Qa5 15. O-O Nfd7 16. a3 Ba6 17. b4 Qb6 18. Nf5 Qb7 19. Nxe7+ Kh8 20.
Bxa6 Qxa6 21. Qe2 Nc4 22. Ned5 Qc6 23. Rfc1 Rfc8 24. Ne7 { Black resigns }
1-0